 Dungeon Crawl Stone Soup version 0.31-a0-925-g0a390f2509 (webtiles) character file.

Game seed: 6389432488234160967

44 Hubris850 the Covered (level 3, 0/31 HPs)
             Began as a Hill Orc Fighter on Oct 18, 2023.
             Hit by a goblin thrown by Robin (2 damage)
             ... on level 2 of the Dungeon.
             The game lasted 00:01:44 (802 turns).

Hubris850 the Covered (Hill Orc Fighter)             Turns: 802, Time: 00:01:45

Health: 0/31       AC:  7    Str: 20    XL:     3   Next: 60%
Magic:  3/3        EV:  9    Int:  8    God:
Gold:   18         SH:  4    Dex: 10    Spells: 2/2 levels left

rFire   . . .        a - +0 war axe
rCold   . . .        c - +0 buckler
rNeg    . . .        b - +0 scale mail
rPois   .            (no helmet)
rElec   .            (no cloak)
rCorr   .            (no gloves)
SInv    .            (no boots)
Will    .....        (no amulet) Stlth
                     (no ring)
HPRegen 0.25/turn    (no ring)
MPRegen 0.08/turn

%: no passive effects
@: mighty
A: no striking features
a: no special abilities


You were on level 2 of the Dungeon.
You visited 1 branch of the dungeon, and saw 2 of its levels.

You collected 18 gold pieces.

Inventory:

Hand Weapons
 a - a +0 war axe (weapon)
Armour
 b - a +0 scale mail (worn)
 c - a +0 buckler (worn)
Scrolls
 f - a scroll of fear {unknown}
 g - a scroll of enchant weapon {unknown}
 h - a scroll of identify {unknown}
 i - a scroll of teleportation {unknown}
 j - a scroll of noise {unknown}
 k - a scroll of blinking {unknown}
 l - a scroll of vulnerability {unknown}
Potions
 e - a potion of curing {unknown}
 m - a potion of cancellation {unknown}


   Skills:
 - Level 3.6 Fighting
 + Level 3.7 Axes
 + Level 3.9 Armour
 + Level 3.9 Shields


You had 2 spell levels left.
You didn't know any spells.
Your spell library was empty.

Dungeon Overview and Level Annotations

Branches:
Dungeon (2/15)

Altars:

Annotations:
D:2 Robin


Message History

Unknown command.
You hit the worm but do no damage.
The worm is almost dead.
You closely miss the hobgoblin. The bat barely misses you.
The hobgoblin hits you but does no damage.
A goblin comes into view. It is wielding a +0 club.
Robin of the Strong Arm comes into view.
They are wielding a +2 whip of electrocution.
You block the worm's attack.
You feel very mighty all of a sudden. The bat closely misses you.
A goblin comes into view. It is wielding a +0 dagger.
The hobgoblin hits you but does no damage.
The goblin hits you with a +0 dagger.
* * * LOW HITPOINT WARNING * * *
The worm bites you but does no damage.
You slash the worm!
You kill the worm!
You slash the goblin!
You kill the goblin!
You closely miss the hobgoblin. You barely miss the bat.
The bat closely misses you. The hobgoblin barely misses you.
Robin throws the goblin at you!
A hobgoblin comes into view.
The goblin barely misses you.
A rat comes into view.
A goblin comes into view. It is wielding a +0 dagger.
You block the hobgoblin's attack. The goblin completely misses you.
The goblin hits you but does no damage.
You closely miss the hobgoblin.
The hobgoblin is almost dead.
You closely miss the goblin. You barely miss the bat.
The hobgoblin shouts!
You slash the goblin!
You kill the goblin!
You hear a shout! x2
You block the bat's attack.
A goblin comes into view. It is wielding a +0 club.
The goblin barely misses you. Robin throws the goblin at you!
You die...
Robin calls out, "Let's celebrate!
Time for a feast!"

.. ..PP.P...# .:..
..~P...$.#
.....#######........#
[.........#....$....#
...........#.......?.#
............#.........g
...............)g....g.
..............g@)$...g.
..............g.....g..
.$.............#.......
...............#b......
..............##.......
........†......##......
...............##......
......................r
.................


You could see Robin, 2 hobgoblins, 4 goblins, a bat and a rat.

Vanquished Creatures
  2 worms (D:2)
  5 bats
  2 endoplasms (D:1)
  A giant cockroach (D:1)
  7 goblins
  3 hobgoblins
  3 jackals (D:1)
  5 kobolds (D:1)
  A quokka (D:1)
  3 ball pythons (D:1)
  3 rats
35 creatures vanquished.

Notes
Turn   | Place    | Note
-------+----------+-------------------------------------------
     0 | D:1      | Hubris850 the Hill Orc Fighter began the quest for the Orb.
     0 | D:1      | Reached XP level 1. HP: 19/19 MP: 1/1
   151 | D:1      | Reached XP level 2. HP: 22/26 MP: 2/2
   559 | D:1      | Reached XP level 3. HP: 27/31 MP: 3/3
   796 | D:2      | HP: 1/31 [worm (7)]
   799 | D:2      | Noticed Robin
   802 | D:2      | Hit by a goblin thrown by Robin

Illustrated notes

Levels and vault maps discovered:
D:1:      lemuel_arrival_river_ford, layout_basic
D:2:      layout_basic, solitary_fountain, serial_bayou_pond_c,
          kennysheep_nondescript, minmay_indecisive_spiral, uniq_robin

Skill      XL: |  1 |
---------------+----+-----
Axes           | 3 |  3.7
Fighting       | |  3.6
Armour         | |  3.9
Shields        | |  3.9

Action                     || total
---------------------------++-------
  Melee: War axe           ||    96
    Use: Potion            ||     1
 Armour: Scale mail        ||    72
  Dodge: Dodged            ||    50
  Block: Buckler           ||    23

Table legend: (Time is in decaauts)
 A = Elapsed time spent in this place.
 B = Non-inter-level travel time spent in this place.
 C = Inter-level travel time spent in this place.
 D = Time resting spent in this place.
 E = Time spent auto-exploring this place.
 F = Levels seen in this place.
 G = Mean time per level.
                   A        B        C        D        E       F      G
               +--------+--------+--------+--------+--------+-----+--------+
         Total |    842 |    831 |     11 |      0 |    621 |   2 |  421.0 |
       Dungeon |    842 |    831 |     11 |      0 |    621 |   2 |  421.0 |
               +--------+--------+--------+--------+--------+-----+--------+

Top non-repeatable levels by time:
     D:1: 785 daAuts
     D:2: 56 daAuts
